 Dungeon Crawl Stone Soup version 0.21.1-1-g345015f (webtiles) character file.

35 tidbits the Charmwright (level 3, 8/31 HPs)
             Began as a Gnoll Skald on Feb 6, 2018.
             Quit the game on level 1 of the Dungeon.
             The game lasted 00:01:52 (133 turns).

tidbits the Charmwright (Gnoll Skald)                Turns: 133, Time: 00:01:53

Health: 8/31       AC:  5    Str: 13    XL:     3   Next: 35%
Magic:  3/9        EV: 14    Int: 16    God:
Gold:   12         SH:  0    Dex: 14    Spells: 1/12 levels left

rFire    . . .     SeeInvis .   a - +0 hand axe
rCold    . . .     Gourm    .   (no shield)
rNeg     . . .     Faith    .   b - +0 leather armour
rPois    .         Spirit   .   E - +0 helmet
rElec    .         Reflect  .   (no cloak)
rCorr    .         Harm     .   G - +0 pair of gloves
MR       .....                  (no boots)
Stlth    +.........             h - amulet of inaccuracy (curse)
HPRegen  0.10/turn              (no ring)
MPRegen  0.11/turn              (no ring)

@: no status effects
A: distributed training, fangs 1, strong nose
a: no special abilities


You were on level 1 of the Dungeon.
You were not hungry.

You visited 1 branch of the dungeon, and saw 2 of its levels.

You collected 12 gold pieces.

Inventory:

Hand Weapons
 a - a +0 hand axe (weapon)
 f - a +0 dagger
Armour
 b - a +0 leather armour (worn)
 E - a +0 helmet (worn)
 G - a +0 pair of gloves (worn)
Jewellery
 h - a cursed amulet of inaccuracy (around neck)
   (You found it on level 1 of the Dungeon)
Scrolls
 g - a scroll of teleportation
Books
 c - a book of Battle

   Spells                             Type                      Level
   a - Infusion                       Charms                       1
   b - Shroud of Golubria             Charms/Translocation         2
   c - Song of Slaying                Charms                       2
   d - Spectral Weapon                Hexes/Charms                 3
   e - Regeneration                   Charms/Necromancy            3
Comestibles
 d - a ration


   Skills:
 + Level 4.5 Fighting
 + Level 0.7 Short Blades
 + Level 0.7 Long Blades
 + Level 4.5 Axes
 + Level 0.7 Maces & Flails
 + Level 0.7 Polearms
 + Level 0.7 Staves
 + Level 0.7 Slings
 + Level 0.7 Bows
 + Level 0.7 Crossbows
 + Level 0.7 Throwing
 + Level 2.6 Armour
 + Level 4.5 Dodging
 + Level 0.7 Stealth
 + Level 0.7 Shields
 + Level 0.7 Unarmed Combat
 + Level 5.0 Spellcasting
 + Level 0.5 Conjurations
 + Level 0.5 Hexes
 + Level 5.4 Charms
 + Level 0.5 Summonings
 + Level 0.5 Necromancy
 + Level 0.5 Translocations
 + Level 0.5 Transmutations
 + Level 0.5 Fire Magic
 + Level 0.5 Ice Magic
 + Level 0.5 Air Magic
 + Level 0.5 Earth Magic
 + Level 0.5 Poison Magic
 + Level 0.9 Invocations
 + Level 0.7 Evocations


You had one spell level left.
You knew the following spells:

 Your Spells              Type           Power        Failure   Level  Hunger
g - Shroud of Golubria    Chrm/Tloc      ##........   9%          2    #......
i - Infusion              Chrm           ###.         1%          1    None
r - Regeneration          Chrm/Necr      ##........   17%         3    ###....
w - Spectral Weapon       Hex/Chrm       ##......     17%         3    ###....
y - Song of Slaying       Chrm           ###.....     3%          2    #......


Dungeon Overview and Level Annotations

Branches:
Dungeon (2/15)

Altars:


Innate Abilities, Weirdness & Mutations

Your experience applies equally to all skills.
You have very sharp teeth.
Your uncanny sense of smell can sniff out nearby items.


Message History

* * * LOW HITPOINT WARNING * * *
Found an escape hatch in the floor.
Unknown command.
Casting: Spectral Weapon
Confirm with . or Enter, or press ? or * to list all spells.
You start singing a song of slaying.
The bat completely misses you. The frilled lizard closely misses you.
Unknown command.
You hit the frilled lizard.
You kill the frilled lizard!
The bat hits you.
* * * LOW HITPOINT WARNING * * *
You barely miss the bat. You hit the kobold but do no damage.
You closely miss the giant cockroach. The bat barely misses you.
The kobold hits you but does no damage.
Your spectral weapon hits the bat.
You kill the bat!
Your spectral weapon misses the kobold.
Your spectral weapon hits the giant cockroach.
The giant cockroach bites you but does no damage.
You barely miss the giant cockroach.
The giant cockroach is heavily wounded.
You completely miss the kobold.
Your spectral weapon hits the giant cockroach.
You kill the giant cockroach!
Your spectral weapon completely misses the kobold.
The kobold completely misses you.
Unknown command.
You hit the kobold.
You kill the kobold!
Things that are here:
a dagger; 4 stones
Things that are here:
a giant cockroach corpse; a frilled lizard corpse You see here a pair of gloves.
h - a pair of gloves A dart slug comes into view.
The dart slug launches a dart at you. The slug dart hits you!
* * * LOW HITPOINT WARNING * * *
Things that are here:
a giant cockroach corpse; a frilled lizard corpse The dart slug launches a dart at you.
The slug dart hits you!
* * * LOW HITPOINT WARNING * * *
You slash the dart slug!
The dart slug is almost dead.
Your spectral weapon hits the dart slug.
You kill the dart slug!
Your song is almost over.
A bat comes into view.
Things that are here:
a giant cockroach corpse; a frilled lizard corpse The bat hits you.
* * * LOW HITPOINT WARNING * * *
You miss the bat. The bat hits you but does no damage.
Your spectral weapon barely misses the bat.
You hit the bat.
You kill the bat!
Wear which item? (? for menu, Esc to quit)
Your spectral weapon fades away.
You start putting on your armour.
You continue putting on your pair of gloves.
Your song has ended.
You continue putting on your pair of gloves. x3
You finish putting on your +0 pair of gloves.
Adjust (i)tems, (s)pells, or (a)bilities?
Adjust which item? (? for menu, Esc to quit)
h - a +0 pair of gloves (worn)
Adjust to which letter? (? for menu, Esc to quit)
G - a +0 pair of gloves (worn)
Things that are here:
a giant cockroach corpse; a frilled lizard corpse
Found a large steel amulet and a scroll labeled JYCVASCHEFUWN.
A rat comes into view.
Found a pair of gloves.
You see here a large steel amulet.
h - a large steel amulet Put on which piece of jewellery? (? for menu, Esc to quit)
Oops, that amulet feels deathly cold.
h - a cursed amulet of inaccuracy (around neck)
As you read the scroll labeled GAETENUIWKUAXT, it crumbles to dust.
It is a scroll of identify.
g - a scroll of teleportation Unknown command.
Casting: Song of Slaying
Confirm with . or Enter, or press ? or * to list all spells.
You draw out your weapon's spirit!
The rat bites you but does no damage.
You hit the rat.
You kill the rat!
You swap places.
You see here a rat corpse.
Found 12 gold pieces.
You see here a scroll labeled JYCVASCHEFUWN.
As you read the scroll labeled JYCVASCHEFUWN, it crumbles to dust.
You feel aware of your surroundings.
It was a scroll of magic mapping.
You see here 12 gold pieces.
You now have 12 gold pieces.
You aren't carrying any potions.
Unknown command.
Are you sure you want to abandon this character and quit the game? (Confirm with "yes".)

##>...# #.#.#.#,.....,,,,
##..#.## #.#.#.#......,,,,
##...#.# #.#......####*,,*
#..#.#.# ###.#..........,,,*
#.##.#.#######.......#..####**,*
##..†.#.#...............##*****,,
......#.#..................,,,,,,
......#+####....(.......[...,,,,,
#######.#8.#.##.@###..######*****
#..........#,*#.## #.##
#8..8..8...#,...***#.#
+.........<#....,**,.#
#8..8..8...####.,,,,**
#..........#,*#.**,**
#######.#8.#,,..**,*
######**#.*,,* **,*,****


You could see a friendly spectral hand axe.

Vanquished Creatures
  Robin (D:2)
  A dart slug (D:1)
  A giant cockroach (D:1)
  9 goblins (D:2)
  2 hobgoblins (D:2)
  A kobold (D:1)
  3 bats (D:1)
  2 frilled lizards (D:1)
  2 rats
22 creatures vanquished.

Notes
Turn   | Place    | Note
-------+----------+-------------------------------------------
     0 | D:1      | tidbits the Gnoll Skald began the quest for the Orb.
     0 | D:1      | Reached XP level 1. HP: 20/20 MP: 6/6
    22 | D:2      | Noticed Robin
    28 | D:2      | Reached XP level 2. HP: 19/26 MP: 0/7
    34 | D:2      | Killed Robin
    34 | D:2      | Reached XP level 3. HP: 15/31 MP: 0/9
    49 | D:2      | Learned a level 2 spell: Song of Slaying
    52 | D:2      | Learned a level 2 spell: Shroud of Golubria
    56 | D:2      | Learned a level 3 spell: Regeneration
    60 | D:2      | Learned a level 3 spell: Spectral Weapon
    67 | D:1      | Reached skill level 5 in Spellcasting
   133 | D:1      | Quit the game

Skill      XL: |  1  2  3 |
---------------+----------+-----
Spellcasting   | 5 |  5.0
Fighting       | |  4.5
Short Blades   | |  0.7
Long Blades    | |  0.7
Axes           | |  4.5
Maces & Flails | |  0.7
Polearms       | |  0.7
Staves         | |  0.7
Slings         | |  0.7
Bows           | |  0.7
Crossbows      | |  0.7
Throwing       | |  0.7
Armour         | |  2.6
Dodging        | |  4.5
Stealth        | |  0.7
Shields        | |  0.7
Unarmed Combat | |  0.7
Conjurations   | |  0.5
Hexes          | |  0.5
Charms         | |  5.4
Summonings     | |  0.5
Necromancy     | |  0.5
Translocations | |  0.5
Transmutations | |  0.5
Fire Magic     | |  0.5
Ice Magic      | |  0.5
Air Magic      | |  0.5
Earth Magic    | |  0.5
Poison Magic   | |  0.5
Invocations    | |  0.9
Evocations     | |  0.7

Action                   || total
-------------------------++-------
Melee: Hand axe          ||    20
       Bite              ||     1
 Cast: Infusion          ||     1
       Spectral Weapon   ||     2
       Song of Slaying   ||     1
  Use: Scroll            ||     2
Armor: Leather armour    ||    10
Dodge: Dodged            ||    26

Table legend:
 A = Turns spent in this place as a percentage of turns spent in the entire game.
 B = Non-inter-level travel turns spent in this place as a percentage of non-inter-level travel turns spent in the entire game.
 C = Inter-level travel turns spent in this place as a percentage of turns spent in this place.
 D = Turns resting spent in this place as a percentage of non-inter-level travel turns spent in this place.
 E = Turns spent auto-exploring this place as a percentage of non-inter-level travel turns spent in this place.
 F = Non-inter-level travel turns spent in this place divided by the number of levels of this place that you've seen.
                   A       B       C       D       E      F
               +-------+-------+-------+-------+-------+----------------------
         Total | 100.0 | 100.0 |   0.0 |   0.0 |   0.0 |  66.5
       Dungeon | 100.0 | 100.0 |   0.0 |   0.0 |   0.0 |  66.5
               +-------+-------+-------+-------+-------+----------------------

Table legend:
 A = Kills in this place as a percentage of kills in entire the game.
 B = Kills by you in this place as a percentage of kills by you in the entire game.
 C = Kills by friends in this place as a percentage of kills by friends in the entire game.
 D = Other kills in this place as a percentage of other kills in the entire game.
 E = Experience gained in this place as a percentage of experience gained in the entire game.
 F = Experience gained in this place divided by the number of levels of this place that you have seen.
                   A       B       C       D       E      F
               +-------+-------+-------+-------+-------+----------------------
         Total | 100.0 | 100.0 |   N/A |   N/A | 100.0 |  25.5
       Dungeon | 100.0 | 100.0 |   N/A |   N/A | 100.0 |  25.5
               +-------+-------+-------+-------+-------+----------------------

Vault maps used:
D:1:      elethiomel_arrival_quiet
D:2:      gammafunk_temple_overflow_arena, minivault_5, uniq_crazy_yiuf_cottage,
          uniq_robin
